 Dungeon Crawl Stone Soup version 0.21.0 (webtiles) character file.

6227 microfolk the Cleaver (level 10, 0/94 HPs)
             Began as a Hill Orc Monk on Jan 6, 2018.
             Was an Elder of Beogh.
             Slain by a vampire mosquito (6 damage)
             ... on level 9 of the Dungeon.
             The game lasted 00:42:53 (13030 turns).

microfolk the Cleaver (Hill Orc Monk)              Turns: 13030, Time: 00:42:53

Health: 0/94       AC: 20    Str: 18    XL:     10   Next: 92%
Magic:  16/16      EV:  7    Int: 10    God:    Beogh [****..]
Gold:   462        SH:  0    Dex: 13    Spells: 9/9 levels left

rFire    . . .     SeeInvis .   w - -2 war axe (curse)
rCold    . . .     Gourm    .   (no shield)
rNeg     . . .     Faith    .   g - +0 plate armour
rPois    .         Spirit   .   (no helmet)
rElec    .         Reflect  .   (no cloak)
rCorr    .         Harm     .   (no gloves)
MR       .....                  e - +1 pair of boots
Stlth    ..........             (no amulet)
HPRegen  0.25/turn              t - +4 ring of protection
MPRegen  0.15/turn              (no ring)

@: no status effects
A: no striking features
a: Smiting, Recall Orcish Followers, Renounce Religion


You were on level 9 of the Dungeon.
You worshipped Beogh.
Beogh was greatly pleased with you.
You were very hungry.

You visited 1 branch of the dungeon, and saw 9 of its levels.

You collected 517 gold pieces.
You spent 55 gold pieces at shops.

Inventory:

Hand Weapons
 a - a +1 hand axe
 w - a cursed -2 war axe (weapon)
 B - a +0 glaive
Armour
 c - a +0 hat
 e - a +1 pair of boots (worn)
 g - a +0 plate armour (worn)
 x - a +0 shield
 z - a +0 ring mail of poison resistance
Jewellery
 f - a +3 ring of slaying {unknown}
 t - a +4 ring of protection (left hand)
Wands
 p - a wand of digging (8)
 A - a wand of disintegration (18)
 E - a wand of flame (31)
 F - a wand of enslavement (15)
Scrolls
 h - 3 scrolls of enchant armour
 i - 3 scrolls of fog
 k - a scroll of remove curse
 l - 3 scrolls of enchant weapon
 m - a scroll of noise {unknown}
 o - 2 scrolls of fear {unknown}
 r - a scroll of teleportation
 s - a scroll of immolation {unknown}
 y - 3 scrolls of identify
 H - a scroll of amnesia {unknown}
Potions
 b - a potion of curing
 d - a potion of might
 j - 2 potions of flight
 n - 2 potions of cancellation {unknown}
 q - 2 potions of invisibility {unknown}
 u - a potion of berserk rage {unknown}
 v - a potion of brilliance {unknown}
 C - 2 potions of heal wounds {unknown}
 D - a potion of degeneration {unknown}
 G - a potion of haste


   Skills:
 + Level 10.7 Fighting
 + Level 11.5 Axes
 + Level 9.2 Armour
 - Level 2.4 Dodging
 - Level 1.5 Stealth
 + Level 8.6 Invocations


You had 9 spell levels left.
You didn't know any spells.

Dungeon Overview and Level Annotations

Branches:
Dungeon (9/15)             Temple (0/1) D:4            Lair (0/6) D:8
    Orc: D:9-12

Altars:
Hepliaklqana
Trog
Yredelemnul
Zin

Shops:
D:4 %   D:7 [

Annotations:
D:5 1 runed door


Message History

The vampire mosquito is severely damaged.
The vampire mosquito barely misses you.
The vampire mosquito bites you but does no damage.
The orc warrior hits your orc knight with a mace!
You closely miss the vampire mosquito.
The vampire mosquito is severely damaged.
The vampire mosquito bites you but does no damage.
Your orc knight hits the orc warrior with a dire flail!
The vampire mosquito barely misses you.
You barely miss the vampire mosquito.
The vampire mosquito is severely damaged.
You feel sick.
You are no longer poisoned.
The orc warrior hits your orc knight with a mace.
The vampire mosquito closely misses you.
Your orc knight barely misses the orc warrior.
You miss the vampire mosquito.
The vampire mosquito is severely damaged.
The vampire mosquito bites you.
You die...

#.#..# #. #.#..#
###.. ###..# ....
#..# ...
#..####.###
#..##.....##
#..#.......#
#.)#o......##
#.)oy@.......
.......#######.##
.......# #....###
#####


You could see an orc warrior, a vampire mosquito and a friendly orc knight.

Vanquished Creatures
  A two-headed ogre (D:8)
  2 centaur zombies (D:7)
  A centaur skeleton (D:7)
  A hellwing (D:6)
  A troll (D:6)
  A hornet (D:9)
  A meliai zombie (D:7)
  Sigmund (D:3)
  A vampire (D:9)
  The ghost of microfolk the Chopper, an amateur HOMo (D:4)
  A yak (D:7)
  3 phantoms
  A sky beast (D:8)
  5 centaurs
  A bullfrog (D:7)
  2 wyvern zombies (D:7)
  A scorpion (D:4)
  5 killer bees
  3 crimson imps
  A hound (D:9)
  4 jellies
  4 orc priests
  A bullfrog skeleton (D:6)
  10 orc wizards
  A gnoll shaman (D:8)
  An iguana (D:4)
  7 worker ants (D:5)
  A hound skeleton (D:4)
  A worker ant zombie (D:3)
  8 adders
  4 gnolls (D:8)
  5 shadow imps
  2 oozes
  A worm (D:4)
  3 dart slugs
  8 leopard geckos
  25 orcs
  4 bats
  11 giant cockroaches
  5 goblins
  10 hobgoblins
  13 jackals
  5 quokkas
  A ball python (D:1)
  7 frilled lizards
  9 kobolds
  2 leopard gecko skeletons
  5 rats
192 creatures vanquished.

Vanquished Creatures (collateral kills)
  A hellwing (D:7)
  A wyvern (D:8)
  3 yaks
  An orc warrior (D:7)
  A black bear (D:7)
  2 ogres
  A phantom (D:4)
  2 bullfrogs (D:8)
  A scorpion (D:8)
  2 killer bees (D:7)
  A howler monkey (D:7)
  A quasit (D:8)
  3 orc wizards
  An iguana (D:7)
  2 worker ants
  A hound skeleton (D:8)
  A gnoll (D:8)
  An adder skeleton (D:8)
  A dart slug (D:4)
  An orc (D:4)
  A ball python (D:7)
29 creatures vanquished.

Vanquished Creatures (others)
  2 orc wizards
  3 orc warriors
  2 orc priests
  A killer bee (D:5)
  2 iguanas (D:5)
  13 orcs
  A giant cockroach (D:5)
  2 withered plants (D:7)
26 creatures vanquished.

Grand Total: 247 creatures vanquished

Notes
Turn   | Place    | Note
-------+----------+-------------------------------------------
     0 | D:1      | microfolk the Hill Orc Monk began the quest for the Orb.
     0 | D:1      | Reached XP level 1. HP: 19/19 MP: 1/1
    14 | D:1      | Reached XP level 2. HP: 25/27 MP: 2/2
    41 | D:1      | Reached skill level 1 in Armour
   366 | D:1      | Reached XP level 3. HP: 33/33 MP: 3/3
  1114 | D:2      | Reached skill level 5 in Axes
  1114 | D:2      | Reached XP level 4. HP: 21/41 MP: 4/4
  1716 | D:2      | Found a basalt altar of Yredelemnul.
  1876 | D:2      | Found a bloodstained altar of Trog.
  1939 | D:2      | Found a glowing silver altar of Zin.
  2202 | D:3      | Noticed Sigmund
  2338 | D:3      | Reached XP level 5. HP: 47/47 MP: 5/5
  2443 | D:3      | Found a faded altar of an unknown god.
  2691 | D:3      | Reached skill level 5 in Fighting
  2753 | D:4      | Found a staircase to the Ecumenical Temple.
  2862 | D:4      | Noticed microfolk's ghost (amateur HOMo)
  2908 | D:4      | Noticed an ogre
  3133 | D:4      | Noticed a phantom
  3300 | D:4      | Killed a phantom
  3300 | D:4      | Reached skill level 6 in Axes
  3300 | D:4      | Reached XP level 6. HP: 39/56 MP: 6/6
  3308 | D:4      | Found a glowing drain.
  4299 | D:3      | Killed Sigmund
  4299 | D:3      | Reached XP level 7. HP: 59/63 MP: 7/7
  4715 | D:5      | Entered Level 5 of the Dungeon
  5070 | D:5      | Became a worshipper of Beogh the Brigand
  5070 | D:5      | Reached * piety under Beogh
  5070 | D:5      | Reached ** piety under Beogh
  5084 | D:5      | Found a runed door.
  5090 | D:5      | Found a runed door.
  5139 | D:5      | Reached skill level 7 in Axes
  5155 | D:5      | HP: 3/64 [poisoned by a worker ant]
  5160 | D:5      | HP: 2/64 [poisoned by a worker ant]
  5167 | D:5      | HP: 2/64 [poisoned by a worker ant]
  5175 | D:5      | HP: 1/64 [poisoned by a worker ant]
  6048 | D:5      | Reached skill level 5 in Armour
  6129 | D:5      | Reached XP level 8. HP: 68/73 MP: 8/8
  6449 | D:5      | Reached skill level 8 in Axes
  6518 | D:5      | Reached skill level 1 in Invocations
  6930 | D:6      | Noticed a troll
  7445 | D:6      | Reached *** piety under Beogh
  8221 | D:4      | Killed microfolk's ghost
  8221 | D:4      | Reached skill level 9 in Axes
  8221 | D:4      | Reached XP level 9. HP: 74/81 MP: 11/11
  8269 | D:4      | Found Fisam's Food Shop.
  8769 | D:7      | Reached skill level 5 in Invocations
  8770 | D:7      | Noticed a hellwing
  8770 | D:7      | Noticed a hellwing
  9087 | D:7      | Gained Alork as an ally
  9268 | D:7      | Reached **** piety under Beogh
  9268 | D:7      | Reached skill level 10 in Axes
  9436 | D:7      | Your ally Alork died
 10075 | D:7      | Reached XP level 10. HP: 83/92 MP: 13/15
 10750 | D:7      | Found Evonwac's Armour Boutique.
 10863 | D:7      | Reached skill level 10 in Fighting
 11118 | D:4      | Bought a ration for 55 gold pieces
 11692 | D:7      | Found a hazy altar of Hepliaklqana.
 12175 | D:7      | Reached skill level 11 in Axes
 12272 | D:8      | Found a staircase to the Lair.
 12315 | D:8      | Noticed a two-headed ogre
 12331 | D:8      | Killed a two-headed ogre
 13030 | D:9      | Slain by a vampire mosquito

Skill      XL: |  1  2  3  4  5  6  7  8  9 10 |
---------------+-------------------------------+-----
Armour         | 1 2 3 4 5 6 8 9 |  9.2
Fighting       | 4 5 6 7 8 9 10 | 10.7
Axes           | 5 6 7 9 10 11 | 11.5
Invocations    | 3 6 8 |  8.6
Dodging        | |  2.4
Stealth        | |  1.5

Action                   |  1- 3 |  4- 6 |  7- 9 | 10-12 || total
-------------------------+-------+-------+-------+-------++-------
Melee: Hand axe          |   153 |   310 |   319 |       ||   782
       War axe           |       |       |   262 |   200 ||   462
Invok: Convert to Beogh  |       |       |     1 |       ||     1
       Recall Orcish Fol |       |       |       |     4 ||     4
  Use: Scroll            |     1 |     5 |     4 |       ||    10
       Potion            |       |     1 |     4 |     3 ||     8
 Stab: Distracted        |       |       |       |     1 ||     1
  Eat: Chunk             |     1 |    10 |     5 |     2 ||    18
       Ration            |       |       |     4 |     2 ||     6
Armor: Chain mail        |    88 |   189 |   100 |       ||   377
       Robe              |     5 |       |       |       ||     5
       Plate armour      |       |       |   406 |   192 ||   598
Dodge: Dodged            |    58 |   113 |   208 |   122 ||   501
